 Dungeon Crawl Stone Soup version 0.32-a0-685-g93135e86f0 (webtiles) character file.

Game seed: 13233377808460411432

1366 ezpacito the Chopper (level 8, -8/61 HPs)
             Began as a Coglin Chaos Knight on Mar 13, 2024.
             Was a Plaything of Xom.
             Mangled by a two-headed ogre
             ... wielding a +0 dire flail
              (23 damage)
             ... on level 5 of the Dungeon.
             The game lasted 00:07:31 (4238 turns).

ezpacito the Chopper (Coglin Chaos Knight)          Turns: 4238, Time: 00:07:32

Health: -8/61      AC:  7    Str: 15    XL:     8   Next: 65%
Magic:  11/11      EV: 12    Int:  9    God:    Xom [....*.]
Gold:   208        SH:  0    Dex: 12    Spells: 2/11 levels left

rFire   . . .        a - +0 hand axe (chaos) {Gloria}
rCold   . . .        e - +0 trident {Sextus}
rNeg    . . .        b - +2 leather armour
rPois   .            i - +0 helmet
rElec   .            f - +0 cloak
rCorr   .            (no gloves)
SInv    +            (no boots)
Will    .....        (amulet unavailable)
Stlth   ++           (ring unavailable)
HPRegen 1.10/turn    (ring unavailable)
MPRegen 0.12/turn    (no gizmo)

%: no passive effects
@: revving
A: off-hand wielding, slow wielding, warmup strikes, no jewellery, see
invisible, clumsy 1, dopey 1, regeneration 1, subdued magic 1
a: Invent Gizmo, Renounce Religion


You were on level 5 of the Dungeon.
You worshipped Xom.
You were a beloved toy of Xom.
You visited 2 branches of the dungeon, and saw 6 of its levels.
You also visited: Sewer.

You collected 271 gold pieces.
You spent 63 gold pieces at shops.

Inventory:

Hand Weapons
 a - a +0 hand axe of chaos (weapon) {Gloria}
 e - a +0 trident (offhand) {Sextus}
 k - a +0 war axe
 r - a +0 war axe
Missiles
 j - 11 poisoned darts (quivered)
Armour
 b - a +2 leather armour (worn)
 f - a +0 cloak (worn)
 i - a +0 helmet (worn)
Wands
 d - a wand of paralysis (9)
Scrolls
 c - 2 scrolls of butterflies
 g - a scroll of fear
 m - 2 scrolls of blinking {unknown}
 n - 3 scrolls of vulnerability
 o - 2 scrolls of teleportation {unknown}
 v - a scroll of amnesia {unknown}
Potions
 h - a potion of lignification {unknown}
 p - a potion of ambrosia
 s - a potion of brilliance
 t - 3 potions of enlightenment
 u - a potion of resistance {unknown}
 w - a potion of mutation {unknown}


   Skills:
 * Level 4.9 Fighting
 * Level 5.2(5.5) Axes
 + Level 2.3(3.9) Polearms
 * Level 4.0 Armour
 * Level 3.8 Dodging
 + Level 2.6 Stealth
 + Level 2.2 Spellcasting
 + Level 2.7 Alchemy


You had 2 spell levels left.
You knew the following spells:

 Your Spells              Type           Power      Damage    Failure   Level
a - Necrotise             Necr           0%         1d4       34%         1
b - Sting                 Conj/Alch      8%         1d3       19%         1
c - Summon Small Mammal   Summ           0%         N/A       34%         1
d - Fugue of the Fallen   Necr           0%         N/A       73%         3
e - Ensorcelled Hibernat  Hex/Ice        0%         N/A       47%         2
g - Apportation           Tloc           0%         N/A       34%         1

Your spell library contained the following spells:

 Spells                   Type           Power      Damage    Failure   Level
 Jinxbite                 Hex            0%         N/A       47%         2
 Lesser Beckoning         Tloc           0%         N/A       47%         2
 Gell's Gravitas          Tloc           0%         N/A       73%         3
 Passwall                 Erth           0%         N/A       73%         3
 Swiftness                Air            0%         N/A       73%         3
 Teleport Other           Tloc           0%         N/A       73%         3
 Alistair's Intoxication  Alch           2%         N/A       97%         5
 Anguish                  Hex/Necr       0%         N/A       98%         4


Dungeon Overview and Level Annotations

Branches:
Dungeon (5/15)             Temple (1/1) D:5           Sewer (visited)

Altars:
Cheibriados
Dithmenos
Elyvilon
Gozag
Hepliaklqana
Kikubaaqudgha
Makhleb
Nemelex Xobeh
Okawaru
Qazlal
Ru
Sif Muna
Trog
Uskayaw
Vehumet
Wu Jian
Zin
The Shining One

Shops:
D:5 [


Innate Abilities, Weirdness & Mutations

You can wield a second weapon in your off-hand.
It takes a long time for you to wield or remove held weapons.
Your first few attacks do less damage.
You cannot equip rings or amulets.
You have supernaturally acute eyesight. (SInv)
You are clumsy. (Dex -2)
You are dopey. (Int -2)
Your natural rate of healing is unusually fast.
Your spells are a little easier to cast, but a little less powerful.


Message History

You take 4 damage, and have 32/61 hp.
You shake off some of the fire as you move.
The liquid fire burns you!
You take 4 damage, and have 28/61 hp.
You shake off some of the fire as you move.
The liquid fire burns you!
You take 3 damage, and have 25/61 hp.
You shake off the liquid fire.
You now have 208 gold pieces (gained 17).
You regained 2 hp, and now have 27/61 hp.
You regained 2 hp, and now have 29/61 hp.
There is an open door, spattered with blood here.
Things that are here:
a +0 dagger; a +0 robe You open the door.
A sleepcap, an iguana and a two-headed ogre come into view.
Health restored: 61
There are monsters nearby!
You reach to attack!
The helpless two-headed ogre fails to defend itself.
You hit the two-headed ogre with your +0 trident.
The two-headed ogre is lightly wounded.
You hit the sleepcap with your +0 trident.
The sleepcap is lightly damaged.
You hit the sleepcap but do no damage.
The iguana hisses angrily.
The sleepcap releases spores at you but does no damage.
You hit the sleepcap but do no damage.
The sleepcap is lightly damaged.
You hit the sleepcap with your +0 hand axe of chaos.
The sleepcap seems to speed up.
The sleepcap releases spores at you.
You are engulfed in a cloud of soporific spores!
You fall asleep.
The two-headed ogre hits you with a +0 dire flail!!!
You wake up.
Ouch! That really hurt!
* * * LOW HITPOINT WARNING * * *
The two-headed ogre hits you with a +0 giant club!!
You die...
Xom is highly amused!

#.#
#.##.........''............
#.#
#.#######....##............
#.#
#................#######...
#.# #..####.....####.#
##... #.# #..# ##...##.?#.#
##.... #.# #..#
##.##...#.#####..###
#.#####..##
#.#l..##.##....##
#.........##
+#.#Of##..#..####
######.....###..@###...#.##
#.........ß.........# ##
#.....###...###...### #.
#....## +#.#).##..# #.
#...## #.#...##.# #. #...#
##.##...#.# #. #...#
##...##..#.# #.
##..####.....####.# #.
#................# ##


You could see a two-headed ogre, a sleepcap (fast) and an iguana.

Vanquished Creatures
  A black bear (D:4)
  An ice beast (D:5)
  A centaur (D:5)
  A scorpion (D:4)
  3 killer bees (D:4)
  2 bombardier beetles (D:5)
  Crazy Yiuf (D:3)
  4 hounds
  4 orc priests (D:5)
  A sleepcap (D:5)
  An iguana (D:5)
  5 orc wizards
  4 adders
  2 river rats
  A ribbon worm (D:2)
  A dart slug (D:2)
  8 orcs
  10 bats
  8 endoplasms
  3 giant cockroaches
  12 goblins
  6 hobgoblins
  6 jackals
  8 kobolds
  4 quokkas
  12 ball pythons
  5 frilled lizards
  12 rats
127 creatures vanquished.

Vanquished Creatures (collateral kills)
  A kobold brigand (Sewer)
  A scorpion (D:4)
  2 killer bees (D:4)
  A sleepcap (D:4)
  A dart slug (D:1)
  A frilled lizard (D:1)
  3 kobolds (Sewer)
10 creatures vanquished.

Vanquished Creatures (others)
  An adder (D:4)
1 creature vanquished.

Grand Total: 138 creatures vanquished

Notes
Turn   | Place    | Note
-------+----------+-------------------------------------------
     0 | D:1      | ezpacito the Coglin Chaos Knight began the quest for the
                  | Orb.
     0 | D:1      | Reached XP level 1. HP: 18/18 MP: 1/1
    46 | D:1      | Reached skill level 1 in Dodging
    75 | D:1      | XOM: silly message
    84 | D:1      | Reached XP level 2. HP: 24/24 MP: 2/2
    93 | D:1      | XOM: silly message
    97 | D:1      | XOM: noise
   263 | D:1      | Reached XP level 3. HP: 29/29 MP: 3/3
   350 | D:1      | XOM: silly message
   508 | D:1      | XOM: give mutations
   508 | D:1      | Gained mutation: You are clumsy. (Dex -2) [Xom's mischief]
   508 | D:1      | Gained mutation: Your spells are a little easier to cast,
                  | but a little less powerful. [Xom's mischief]
   508 | D:1      | Gained mutation: You have supernaturally acute eyesight.
                  | (SInv) [Xom's mischief]
   508 | D:1      | Gained mutation: You are dopey. (Int -2) [Xom's mischief]
  1185 | D:2      | Reached skill level 1 in Stealth
  1185 | D:2      | Reached XP level 4. HP: 35/35 MP: 4/4
  1349 | D:2      | Found a stormy altar of Qazlal.
  1783 | D:3      | Learned a level 1 spell: Apportation
  1785 | D:3      | Learned a level 1 spell: Necrotise
  1787 | D:3      | Learned a level 1 spell: Sting
  1789 | D:3      | Learned a level 1 spell: Summon Small Mammal
  1958 | D:3      | Found a glowing drain.
  1971 | Sewer    | Entered a sewer
  1981 | Sewer    | XOM: summons 2 friendly demons
  2058 | Sewer    | Noticed a kobold brigand
  2062 | Sewer    | XOM: cast spell 'Summon Horrible Things'
  2065 | Sewer    | Killed a kobold brigand
  2066 | Sewer    | Reached skill level 1 in Polearms
  2066 | Sewer    | Reached skill level 1 in Spellcasting
  2066 | Sewer    | Reached XP level 5. HP: 41/41 MP: 6/6
  2084 | Sewer    | Found a white marble altar of Elyvilon.
  2278 | D:3      | XOM: 5-stop teleportation journey
  2310 | D:3      | XOM: 2-stop teleportation journey
  2408 | D:3      | Found a radiant altar of Vehumet.
  2582 | D:3      | XOM: god gift: scroll of vulnerability
  2600 | D:3      | Found a runed translucent door.
  2601 | D:3      | Noticed Crazy Yiuf
  2606 | D:3      | XOM: smoke on damage
  2607 | D:3      | XOM: give mutation
  2607 | D:3      | Gained mutation: Your natural rate of healing is unusually
                  | fast. [Xom's grace]
  2612 | D:3      | Killed Crazy Yiuf
  2613 | D:3      | Reached skill level 4 in Axes
  2712 | D:4      | Reached XP level 6. HP: 25/48 MP: 7/7
  2717 | D:4      | Reached skill level 1 in Alchemy
  2717 | D:4      | XOM: summons friendly sixfirhy
  2733 | D:4      | Reached XP level 7. HP: 28/53 MP: 7/9
  3113 | D:4      | Learned a level 3 spell: Fugue of the Fallen
  3116 | D:4      | Learned a level 2 spell: Ensorcelled Hibernation
  3276 | D:4      | XOM: god gift: 6 stones
  3357 | D:5      | Entered Level 5 of the Dungeon
  3369 | D:5      | Reached XP level 8. HP: 60/61 MP: 10/10
  3376 | D:5      | Found Xeypsi's Armour Boutique.
  3398 | D:5      | Bought a +0 helmet for 63 gold pieces
  3462 | D:5      | Reached skill level 5 in Axes
  3462 | D:5      | XOM: god gift: 31 gold pieces
  3754 | D:5      | Found a staircase to the Ecumenical Temple.
  3768 | Temple   | Entered the Ecumenical Temple
  3797 | D:5      | XOM: 1-stop teleportation journey
  3809 | D:5      | XOM: summons 4 hostile shadow creatures
  4233 | D:5      | Noticed a two-headed ogre
  4238 | D:5      | Mangled by a two-headed ogre

Illustrated notes

Levels and vault maps discovered:
D:1:      dpeg_arrival_subterranean_lakeside_camping, layout_basic, st_stairs_7
D:2:      minmay_chambers_of_ones, layout_loops_ring, basic_altar,
          corexii_leaking_fountain
D:3:      layout_basic, mainiacjoe_overflow_surrounded_room,
          portal_sewer_entry_a, minivault_26, uniq_crazy_yiuf_cottage
D:4:      layout_basic, hangedman_abyss_or_decor_lesser_grid
D:5:      cheibrodos_barr_body, layout_basic, minmay_temple_entry_nine_rooms,
          serial_shops, shop
Temple:   minmay_temple_bridge_d

Skill      XL: |  1  2  3  4  5  6  7  8 |
---------------+-------------------------+-----
Dodging        | 1 2 3 |  3.8
Armour         | 2 3 4 |  4.0
Stealth        | 1 2 |  2.6
Polearms       | 1 2 |  2.3
Spellcasting   | 1 2 |  2.2
Axes           | 4 5 |  5.2
Alchemy        | 1 2 |  2.7
Fighting       | 4 |  4.9

Action                     |  1- 3 |  4- 6 |  7- 9 || total
---------------------------+-------+-------+-------++-------
  Melee: Hand axe          |    75 |    85 |   117 ||   277
         Dagger            |    40 |       |       ||    40
         Trident           |    36 |    98 |   130 ||   264
    Use: Scroll            |       |     7 |     1 ||     8
         Potion            |       |     3 |     5 ||     8
   Stab: Sleeping          |     3 |     3 |     4 ||    10
         Distracted        |       |     1 |       ||     1
         Confused          |       |     1 |       ||     1
         Paralysed         |       |       |     2 ||     2
 Armour: Leather armour    |    48 |    61 |   125 ||   234
  Dodge: Dodged            |    60 |    80 |   125 ||   265

Table legend: (Time is in decaauts)
 A = Elapsed time spent in this place.
 B = Non-inter-level travel time spent in this place.
 C = Inter-level travel time spent in this place.
 D = Time resting spent in this place.
 E = Time spent auto-exploring this place.
 F = Levels seen in this place.
 G = Mean time per level.
                   A        B        C        D        E       F      G
               +--------+--------+--------+--------+--------+-----+--------+
         Total |   4272 |   4128 |    144 |      0 |   3190 |   7 |  610.3 |
       Dungeon |   4090 |   3947 |    143 |      0 |   3052 |   5 |  818.0 |
        Temple |      1 |      1 |      0 |      0 |      0 |   1 |    1.0 |
         Sewer |    179 |    179 |      0 |      0 |    137 |   1 |  179.0 |
               +--------+--------+--------+--------+--------+-----+--------+

Top non-repeatable levels by time:
     D:5: 871 daAuts
     D:2: 860 daAuts
     D:1: 856 daAuts
     D:3: 815 daAuts
     D:4: 686 daAuts
   Sewer: 179 daAuts
  Temple: 1 daAuts
